[Event "Israeli Open Championship 2019"]
[Site "Jerusalem"]
[Date "2019.12.22"]
[Round "9.14"]
[White "Gunders, Elad"]
[Black "Har-Even, Abir"]
[Result "0-1"]
[ECO "A80"]
[WhiteElo "1803"]
[BlackElo "2104"]
[Annotator "ChessBase"]
[PlyCount "120"]
[EventDate "2019.12.12"]
[EventType "swiss"]
[EventCountry "ISR"]
[SourceTitle "playchess.com"]
[Source "ChessBase"]
[SourceQuality "1"]
[TimeControl "5400+30"]

1. d4 d6 2. Bf4 f5 3. e3 Nf6 4. Nf3 g6 5. Be2 Bg7 6. Nc3 O-O 7. h4 h6 8. Qd2 c6 9. Nh2 Kh7 10. Rg1 Qa5 11. g4 Ng8 12. g5 e5 13. gxh6 Nxh6 14. Bxh6 Bxh6 15. dxe5 Qxe5 16. Nf3 Qf6 17. Ng5+ Kh8 18. O-O-O d5 19. f4 Rg8 20. Nxd5 cxd5 21. Qxd5 Rf8 22. Bc4 Nc6 23. Nf7+ Kh7 24. Nxh6 Kxh6 25. h5 Rd8 26. Qxd8 Nxd8 27. Rxg6+ Qxg6 28. hxg6 Be6 29. Rxd8 Rxd8 30. Bxe6 Kxg6 31. Bc4 Kh5 32. Bd3 Kg4 33. e4 Kxf4 34. exf5 Ke3 35. b3 Rd6 36. Kb2 Kd4 37. Bb5 a6 38. Bf1 Rf6 39. Bd3 Rh6 40. Bc4 Rd6 41. Be6 b5 42. c4 b4 43. Kc2 Ke3 44. Bd5 Kf4 45. Be6 a5 46. Kc1 Rc6 47. Kd2 Ke5 48. Kd3 Rc7 49. Kc2 Rh7 50. Kb2 Rh2+ 51. Kb1 Kd4 52. Bd5 Rf2 53. Be6 Kc3 54. a3 bxa3 55. c5 a2+ 56. Ka1 Kb4 57. Bc4 Ka3 58. b4 axb4 59. c6 b3 60. c7 b2# 0-1

[Event "Israeli Open Championship 2019"]
[Site "Jerusalem"]
[Date "2019.12.22"]
[Round "9.15"]
[White "Leor, Ephraim"]
[Black "Kuritz, Zvi"]
[Result "1-0"]
[ECO "D16"]
[WhiteElo "1704"]
[BlackElo "1907"]
[Annotator "NA"]
[PlyCount "38"]
[EventDate "2019.12.12"]
[EventType "swiss"]
[EventCountry "ISR"]
[SourceTitle "playchess.com"]
[Source "ChessBase"]
[SourceQuality "1"]
[TimeControl "5400+30"]

1. Nf3 d5 2. c4 c6 3. d4 Nf6 4. Nc3 dxc4 5. a4 Nd5 6. e4 Nxc3 7. bxc3 b5 8. axb5 cxb5 9. Ne5 Nd7 10. Nxf7 Kxf7 11. Qh5+ g6 12. Qd5+ e6 13. Qxa8 a6 14. Rxa6 Bg7 15. Rc6 Rf8 16. Be2 Kg8 17. Bg4 Re8 18. Bxe6+ Rxe6 19. Rxc8 Bf8 1-0

[Event "Israeli Open Championship 2019"]
[Site "Jerusalem"]
[Date "2019.12.22"]
[Round "9.16"]
[White "Gruzman, Ilya"]
[Black "Freiman, Mark"]
[Result "1-0"]
[ECO "E02"]
[WhiteElo "1889"]
[BlackElo "1724"]
[Annotator "NA"]
[PlyCount "93"]
[EventDate "2019.12.12"]
[EventType "swiss"]
[EventCountry "ISR"]
[SourceTitle "playchess.com"]
[Source "ChessBase"]
[SourceQuality "1"]
[TimeControl "5400+30"]

1. d4 Nf6 2. c4 e6 3. g3 d5 4. Nf3 Be7 5. Bg2 O-O 6. O-O dxc4 7. Qc2 Nbd7 8. Qxc4 c6 9. Nc3 Re8 10. Rd1 h6 11. a4 Qa5 12. Bd2 Bb4 13. Ne5 Nxe5 14. dxe5 Nd7 15. f4 Qc5+ 16. Qxc5 Bxc5+ 17. Kf1 Be7 18. Rab1 f6 19. exf6 Nxf6 20. b4 e5 21. b5 e4 22. bxc6 bxc6 23. Nxe4 Ba6 24. Nc3 Rac8 25. Bf3 Bc5 26. Kg2 Bd4 27. Re1 h5 28. Rbc1 Ng4 29. Nd1 c5 30. e3 Bf6 31. h3 Nh6 32. e4 g6 33. e5 Be7 34. Ne3 Kg7 35. Bc3 Kh7 36. Red1 Rcd8 37. Nd5 Nf5 38. Kf2 Rc8 39. g4 Bh4+ 40. Kg2 Nd4 41. Bxd4 cxd4 42. Nc7 d3 43. Nxe8 Rxe8 44. Be4 Rd8 45. Rc6 Bc8 46. Rc7+ Kh8 47. Rxd3 1-0

[Event "Israeli Open Championship 2019"]
[Site "Jerusalem"]
[Date "2019.12.22"]
[Round "9.17"]
[White "Bulkovstein, David"]
[Black "Kochavi, Dana"]
[Result "1-0"]
[ECO "B12"]
[WhiteElo "1889"]
[BlackElo "1445"]
[Annotator "NA"]
[PlyCount "75"]
[EventDate "2019.12.12"]
[EventType "swiss"]
[EventCountry "ISR"]
[SourceTitle "playchess.com"]
[Source "ChessBase"]
[SourceQuality "1"]
[TimeControl "5400+30"]

1. e4 c6 2. d4 d5 3. e5 Bf5 4. Be3 e6 5. Nf3 Qb6 6. Qc1 c5 7. Be2 Nc6 8. c3 Nh6 9. Nbd2 Ng4 10. O-O Nxe3 11. fxe3 Be7 12. a3 c4 13. Re1 h5 14. Bd1 O-O-O 15. e4 Bh7 16. exd5 exd5 17. Bc2 Bxc2 18. Qxc2 Kb8 19. b3 cxb3 20. Nxb3 g5 21. a4 g4 22. Nfd2 Na5 23. Rab1 Rc8 24. Nc5 Qd8 25. Ndb3 Bxc5 26. Nxc5 Ka8 27. Qf5 b6 28. Nb3 Nxb3 29. Rxb3 Qe7 30. Rf1 Rce8 31. Qxf7 Qxf7 32. Rxf7 Rhf8 33. Rxf8 Rxf8 34. Rb5 Rd8 35. Kf2 Kb7 36. Kg3 Kc6 37. Rb2 Rh8 38. Rf2 1-0

[Event "Israeli Open Championship 2019"]
[Site "Jerusalem"]
[Date "2019.12.22"]
[Round "9.18"]
[White "Birnboim, Nathan"]
[Black "Tadmor, Maya"]
[Result "1-0"]
[ECO "D72"]
[WhiteElo "2393"]
[BlackElo "1599"]
[Annotator "ChessBase"]
[PlyCount "103"]
[EventDate "2019.12.12"]
[EventType "swiss"]
[EventCountry "ISR"]
[SourceTitle "playchess.com"]
[Source "ChessBase"]
[SourceQuality "1"]
[TimeControl "5400+30"]

1. d4 Nf6 2. c4 g6 3. g3 Bg7 4. Bg2 d5 5. cxd5 Nxd5 6. e4 Nb6 7. Ne2 c5 8. d5 O-O 9. O-O N8d7 10. Na3 Re8 11. f4 e5 12. f5 Nf6 13. fxg6 hxg6 14. Nc3 a6 15. Bg5 Nbd7 16. Nc4 b5 17. Nd6 Rf8 18. Qf3 Qb6 19. Nxc8 Raxc8 20. Bh3 Rce8 21. a4 b4 22. a5 Qc7 23. Na4 Qxa5 24. Rfc1 Qc7 25. Bxf6 Nxf6 26. Nxc5 Ra8 27. Kh1 Qb6 28. Rc4 Rfd8 29. Na4 Qb7 30. Rc6 Ne8 31. Nb6 Rab8 32. Nc4 Ra8 33. b3 Ra7 34. Ra5 Qe7 35. Qf2 Rc7 36. Rxc7 Qxc7 37. Rxa6 Nd6 38. Rc6 Qe7 39. Qe1 Nb5 40. Rb6 Nc3 41. d6 Qf6 42. Rxb4 Qf3+ 43. Bg2 Qd3 44. Rb7 Qe2 45. Qxe2 Nxe2 46. d7 Kf8 47. Nb6 Bf6 48. Bf1 Nc3 49. Bd3 Nd1 50. Kg2 Nc3 51. Rc7 Be7 52. Rxc3 1-0